 Seeded DCSS version 0.28-a0-1152-g9c71ebef14 (webtiles) character file.

Game seed: 8055569987141458967 (custom seed)

763 croobank the Shield-Bearer (level 7, -8/66 HPs)
             Began as a Troll Berserker on Dec 14, 2021.
             Was a Priest of Trog.
             Mangled by an ogre (23 damage)
             ... on level 5 of the Dungeon.
             The game lasted 00:19:28 (3445 turns).

croobank the Shield-Bearer (Troll Berserker)        Turns: 3445, Time: 00:19:32

Health: -8/66      AC:  4    Str: 28    XL:     7   Next: 51%
Magic:  6/6        EV:  7    Int:  3    God:    Trog [***...]
Gold:   155        SH: 15    Dex:  9    Spells: 6/6 levels left

rFire   . . .      SeeInvis .     - Unarmed
rCold   . . .      Faith    .   g - +2 tower shield
rNeg    . . .      Spirit   .   a - +0 animal skin
rPois   .          Reflect  .   (helmet restricted)
rElec   .          Harm     .   (no cloak)
rCorr   .          Rampage  .   (gloves unavailable)
Will    .....                   (boots unavailable)
Stlth   +.........              (no amulet)
HPRegen 1.01/turn               (no ring)
MPRegen 0.10/turn               (no ring)

@: about to teleport
A: large, unfitting armour, claws 3, regeneration 1, shaggy fur 1, tough skin 1
a: Renounce Religion, Berserk, Trog's Hand


You were on level 5 of the Dungeon.
You worshipped Trog.
Trog was most pleased with you.
You visited 1 branch of the dungeon, and saw 5 of its levels.

You collected 155 gold pieces.

Inventory:

Hand Weapons
 t - a +0 war axe
Missiles
 f - 2 throwing nets
 j - 143 stones (quivered)
Armour
 a - a +0 animal skin (worn)
 g - a +2 tower shield (worn)
Wands
 o - a wand of iceblast (10)
 s - a wand of acid (7)
Scrolls
 b - 3 scrolls of teleportation {teleport}
 c - a scroll of vulnerability {vulnerability, unknown}
 d - 3 scrolls of torment {torment, unknown}
 h - a scroll of fog {fog, unknown}
 k - a scroll of immolation {immolation, unknown}
 m - a scroll of noise {noise, unknown}
 n - 5 scrolls of identify {identify, unknown}
 u - a scroll of enchant weapon {enchant weapon, unknown}
Potions
 e - a potion of flight {flight, unknown}
 i - 2 potions of cancellation {cancellation, unknown}
 l - a potion of resistance {resistance, unknown}
 p - a potion of might
 q - a potion of mutation {mutation, unknown}
 r - a potion of ambrosia {unknown}
 v - a potion of degeneration {degeneration, unknown}


   Skills:
 - Level 2.6 Fighting
 - Level 2.6 Dodging
 + Level 6.6 Shields
 - Level 3.3 Unarmed Combat


You had 6 spell levels left.
You didn't know any spells.
Your spell library was empty.

Dungeon Overview and Level Annotations

Branches:
Dungeon (5/15)             Temple (0/1) D:4

Altars:

Annotations:
D:5 1 transporter, Grinder; losyanya's ghost, novice KoCj


Innate Abilities, Weirdness & Mutations

You are too large for most types of armour.
You have claws for hands.
Your natural rate of healing is unusually fast.
You are covered in fur. (AC +1)
You have tough skin. (AC +1)


Message History

The phantom is severely damaged.
The phantom hits you but does no damage.
You scratch the phantom.
The phantom is almost destroyed.
The phantom closely misses you.
You barely miss the phantom.
The phantom is almost destroyed.
The phantom hits you.
The phantom blinks!
You blink.
You block the phantom's attack.
You miss the phantom.
The phantom is almost destroyed.
You block the ogre's attack.
Grinder blinks!
The phantom barely misses you.
You claw the phantom!
You destroy the phantom!
Trog accepts your kill. You block the ogre's attack.
You block the hound's attack.
You scratch the hound.
The hound is lightly wounded.
The hound bites you. Grinder gestures at you.
You resist with significant effort. You block the ogre's attack.
You block the hound's attack.
You claw the hound!
The hound is severely wounded.
You block the hound's attack.
The ogre hits you with a +0 giant spiked club!!
The hound barely misses you.
You barely miss the hound.
The hound is severely wounded.
You block the hound's attack.
The ogre hits you with a +0 giant spiked club!!
* * * LOW HITPOINT WARNING * * *
The hound barely misses you.
As you read the scroll labelled GUTOBU RAMY {teleport}, it crumbles to dust.
You feel strangely unstable.
It was a scroll of teleportation {teleport}.
The hound bites you.
* * * LOW HITPOINT WARNING * * *
The ogre hits you with a +0 giant spiked club!!
You die...

..#. ##.##... #
.###..##.#######
###..............
.....##..#.##########
##.............#....#
######..#.##.##.##.#
#..#.##.......#
#..#.####h....#
#.......@O....#
.......##5.....#
#.#..... #....#.#
#.#..... #....#.# #..
#....# # #. #.?..# #
....# ....#


You could see Grinder, an ogre and a hound.

Vanquished Creatures
  Prince Ribbit (D:5)
  A phantom (D:5)
  A vampire bat (D:3)
  A bullfrog zombie (D:5)
  2 hounds
  An orc priest (D:4)
  A jelly (D:4)
  Jessica (D:2)
  2 orc wizards (D:2)
  2 hound skeletons
  A howler monkey skeleton (D:4)
  3 gnolls (D:3)
  5 adders
  An adder zombie (D:5)
  An adder skeleton (D:4)
  3 worms
  2 dart slugs (D:1)
  6 orcs
  12 ball pythons
  10 bats
  5 endoplasms
  5 giant cockroaches
  4 goblins
  5 hobgoblins
  11 jackals
  5 kobolds
  A quokka (D:1)
  2 frilled lizards (D:1)
  3 rats
98 creatures vanquished.

Vanquished Creatures (others)
  2 withered plants (D:5)
2 creatures vanquished.

Grand Total: 100 creatures vanquished

Notes
Turn   | Place    | Note
-------+----------+-------------------------------------------
     0 | D:1      | croobank the Troll Berserker began the quest for the Orb.
     0 | D:1      | Reached XP level 1. HP: 22/22 MP: 0/0
    26 | D:1      | Found a faded altar of an unknown god.
    57 | D:1      | Reached XP level 2. HP: 27/29 MP: 1/1
   504 | D:1      | Reached skill level 1 in Shields
   539 | D:1      | Reached XP level 3. HP: 35/36 MP: 2/2
   849 | D:2      | Reached ** piety under Trog
   888 | D:2      | Reached skill level 2 in Shields
   888 | D:2      | Reached XP level 4. HP: 24/44 MP: 3/3
   900 | D:2      | Reached skill level 3 in Shields
  1020 | D:2      | Noticed Jessica
  1038 | D:2      | Killed Jessica
  1039 | D:2      | Reached XP level 5. HP: 39/50 MP: 4/4
  1601 | D:3      | Reached skill level 4 in Shields
  1822 | D:3      | Reached XP level 6. HP: 59/59 MP: 5/5
  2249 | D:4      | Reached skill level 5 in Shields
  2335 | D:4      | Reached *** piety under Trog
  2637 | D:4      | Found a staircase to the Ecumenical Temple.
  3304 | D:5      | Entered Level 5 of the Dungeon
  3331 | D:5      | Noticed Prince Ribbit
  3351 | D:5      | Killed Prince Ribbit
  3352 | D:5      | Reached skill level 6 in Shields
  3352 | D:5      | Reached XP level 7. HP: 37/66 MP: 6/6
  3398 | D:5      | Noticed losyanya's ghost (novice KoCj)
  3408 | D:5      | Found a transporter.
  3433 | D:5      | Noticed Grinder
  3445 | D:5      | Mangled by an ogre

Illustrated notes

Levels and vault maps discovered:
D:1:      arrival_zaba_pyramid, layout_loops_cross, basic_ecumenical_altar
D:2:      layout_basic, kennysheep_generic_room_5, uniq_jessica
D:3:      layout_basic, roderic_batcave
D:4:      layout_layer_cave, minmay_temple_entry_offerings,
          grunt_decor_mini_mirrors, minmay_splitting_lines
D:5:      cheibrodos_fzero, layout_basic, serial_undead, serial_undead_b,
          serial_undead_f, serial_undead_a, serial_undead_c,
          gammafunk_ghost_stat_death, nzn_random_ring, uniq_grinder,
          uniq_prince_ribbit1, uniq_blork_the_orc

Skill      XL: |  1  2  3  4  5  6 |
---------------+-------------------+-----
Shields        | 1 2 3 4 6 |  6.6
Fighting       | |  2.6
Dodging        | |  2.6
Unarmed Combat | |  3.3

Action                   |  1- 3 |  4- 6 |  7- 9 || total
-------------------------+-------+-------+-------++-------
Melee: Unarmed           |    78 |   207 |    12 ||   297
       Punch             |     3 |       |       ||     3
Throw: Throwing net      |     2 |       |       ||     2
Invok: Trog's Hand       |       |     1 |       ||     1
  Use: Potion            |     2 |       |       ||     2
       Scroll            |       |       |     1 ||     1
Armor: Animal skin       |    28 |    64 |     1 ||    93
Dodge: Dodged            |    36 |    54 |     5 ||    95
Block: Tower shield      |       |   171 |    11 ||   182

Table legend: (Time is in decaauts)
 A = Elapsed time spent in this place.
 B = Non-inter-level travel time spent in this place.
 C = Inter-level travel time spent in this place.
 D = Time resting spent in this place.
 E = Time spent auto-exploring this place.
 F = Levels seen in this place.
 G = Mean time per level.
                   A        B        C        D        E       F      G
               +--------+--------+--------+--------+--------+-----+--------+
         Total |   3500 |   3445 |     55 |     36 |   2451 |   5 |  700.0 |
       Dungeon |   3500 |   3445 |     55 |     36 |   2451 |   5 |  700.0 |
               +--------+--------+--------+--------+--------+-----+--------+

Top non-repeatable levels by time:
     D:4: 1228 daAuts
     D:3: 1040 daAuts
     D:1: 698 daAuts
     D:2: 382 daAuts
     D:5: 149 daAuts
